 Dungeon Crawl Stone Soup version 0.29-a0-284-gf9362112df (webtiles) character file.

Game seed: 13700823467195838745

17701 sammy202020 the Fighter (level 12, 0/169 HPs)
             Began as a Minotaur Berserker on Mar 29, 2022.
             Was a High Priest of Trog.
             Slain by a demonic crawler simulacrum (12 damage)
             ... in an ice cave.
             The game lasted 00:27:54 (12978 turns).

sammy202020 the Fighter (Minotaur Berserker)       Turns: 12978, Time: 00:27:55

Health: 0/169      AC: 18    Str: 29    XL:     12   Next: 21%
Magic:  11/11      EV: 11    Int:  8    God:    Trog [*****.]
Gold:   938        SH: 10    Dex:  9    Spells: 11/11 levels left

rFire   + . .      SeeInvis +   G - +5 war axe
rCold   + . .      Faith    .   d - +0 kite shield
rNeg    . . .      Spirit   .   T - +1 scale mail {rF+}
rPois   .          Reflect  .   (helmet restricted)
rElec   .          Harm     .   J - +0 cloak
rCorr   .          Rampage  .   t - +2 pair of gloves
Will    +++..                   L - +2 pair of boots
Stlth   ..........              M - amulet of regeneration
HPRegen 2.18/turn               j - ring of see invisible
MPRegen 0.12/turn               V - ring of Ocoqe {rC+ Will+ Str+7 Dex-2 Stlth+}

@: berserking, strong-willed, regenerating, very quick
A: horns 2, retaliatory headbutt
a: Renounce Religion, Berserk, Trog's Hand, Brothers in Arms


You were in an ice cave.
You worshipped Trog.
Trog was extremely pleased with you.
You visited 1 branch of the dungeon, and saw 12 of its levels.
You also visited: Sewer and Ice Cave.

You collected 938 gold pieces.

Inventory:

Hand Weapons
 G - a +5 war axe (weapon)
 P - a +2 war axe of freezing
 U - a +1 demon whip of venom
 Y - the +0 hand axe of Pelolu {freeze, Int+6 Dex-3 SInv}
   (You found it in an ice cave)

   It freezes those it strikes, dealing additional cold damage.
   It can also slow down cold-blooded creatures.
   Int:       It affects your intelligence (+6).
   Dex:       It affects your dexterity (-3).
   SInv:      It lets you see invisible.
Missiles
 a - 3 javelins
 r - 6 boomerangs (quivered)
 v - 18 poisoned darts
 w - 7 curare-tipped darts
Armour
 b - a +0 plate armour
 d - a +0 kite shield (worn)
 t - a +2 pair of gloves (worn)
 J - a +0 cloak (worn)
 L - a +2 pair of boots (worn)
 R - the +3 hat of Pondering {ponderous, Will+ MP+10 Int+5}
   (You took it off Gastronok on level 10 of the Dungeon)

   Int:       It affects your intelligence (+5).
   MP:        It affects your magic capacity (+10).
   Will:      It increases your willpower.
 T - a +1 scale mail of fire resistance (worn)
 W - the +0 chain mail of the Griffon {rC+ rCorr Int-4 Dex+6}
   (You found it on level 10 of the Dungeon)

   Int:       It affects your intelligence (-4).
   Dex:       It affects your dexterity (+6).
   rC:        It protects you from cold.
   rCorr:     It protects you from acid and corrosion.
Jewellery
 j - a ring of see invisible (left hand)
 D - the ring of Xom's Full Attention {Wiz rC+}
   (You found it on level 12 of the Dungeon)

   [ring of wizardry]

   It improves your spell success rate.
   rC:        It protects you from cold.
 H - a ring of flight
 M - an amulet of regeneration (around neck)
 V - the ring of Ocoqe (right hand) {rC+ Will+ Str+7 Dex-2 Stlth+}
   (You found it on level 10 of the Dungeon)

   [ring of protection from cold]

   Str:       It affects your strength (+7).
   Dex:       It affects your dexterity (-2).
   rC:        It protects you from cold.
   Will:      It increases your willpower.
   Stlth:     It makes you more stealthy.
 X - a ring of fire
Wands
 c - a wand of flame (24)
 x - a wand of polymorph (12)
 y - a wand of iceblast (19)
 C - a wand of paralysis (8)
 Z - a wand of mindburst (11)
Scrolls
 h - 3 scrolls of enchant weapon
 i - 3 scrolls of vulnerability
 k - 4 scrolls of teleportation
 l - 3 scrolls of fog
 o - a scroll of holy word
 z - 3 scrolls of fear
 S - a scroll of silence
Potions
 e - 4 potions of brilliance
 f - 2 potions of ambrosia
 g - a potion of cancellation
 m - 3 potions of berserk rage
 p - 2 potions of attraction
 q - 2 potions of resistance
 s - a potion of haste
 u - 2 potions of invisibility
 E - 4 potions of curing
 F - 5 potions of might
 I - a potion of flight
 N - a potion of degeneration {unknown}
 Q - 2 potions of lignification
Miscellaneous
 O - a condenser vane


   Skills:
 * Level 12.6 Fighting
 * Level 12.6 Axes
 * Level 12.2 Armour
 + Level 8.2 Dodging
 * Level 8.6 Shields
 + Level 0.1 Evocations


You had 11 spell levels left.
You didn't know any spells.
Your spell library was empty.

Dungeon Overview and Level Annotations

Branches:
Dungeon (12/15)            Temple (0/1) D:4            Lair (0/6) D:11
    Orc (0/2) D:11          Sewer (visited)           IceCv (1/1)

Altars:
Ru
Uskayaw
Zin
The Shining One

Shops:
D:9 *   D:11 [

Annotations:
IceCv exclusion: ice statue


Innate Abilities, Weirdness & Mutations

You have a pair of horns on your head.
You reflexively headbutt those who attack you in melee.


Message History

You're standing next to a slime covered wall!
An ice statue comes into view.
Marking area around an ice statue as unsafe for travelling.
You are splashed with acid!!
* * * LOW HITPOINT WARNING * * *
Unknown command.
You feel much better.
You are splashed with acid!!
A demonic crawler simulacrum and 5 slime creatures come into view.
You are splashed with acid!
* * * LOW HITPOINT WARNING * * *
The slime creature quivers. x5
Your skin crawls.
You feel strong-willed.
You are splashed with acid!
* * * LOW HITPOINT WARNING * * *
The slime creature hits you.
* * * LOW HITPOINT WARNING * * *
Two slime creatures merge to form a large slime creature.
The slime creature hits you!
* * * LOW HITPOINT WARNING * * *
Two slime creatures merge to form a large slime creature.
The ice statue gestures at you. The bolt of cold hits you. You resist.
* * * LOW HITPOINT WARNING * * *
The slime creature barely misses you.
The demonic crawler simulacrum hits you but does no damage.
You block the demonic crawler simulacrum's attack.
The demonic crawler simulacrum hits you but does no damage.
A red film seems to cover your vision as you go berserk!
You feel yourself moving faster!
You feel mighty!
The ice statue gestures.
A large slime creature splits.
The slime creature barely misses you.
You block the demonic crawler simulacrum's attack. x2
The demonic crawler simulacrum closely misses you.
You feel a strong urge to attack something.
The demonic crawler simulacrum hits you.
* * * LOW HITPOINT WARNING * * *
The demonic crawler simulacrum freezes you!
You resist.
You die...

##.##.=##....
#..##..#....##
### #..#..##..###
##.####.##..#...
#...##..#..##..#
#∩∩.....#..##.Y#
#...##..#...#..##
##.####.##..##.8#
### #..#..##.@##
.#
#..##.##.JZ#...#
##..#..#.JJJ...#
..#....#....##
..##...#....#
#..#...##..##
..##...##.# ##..#
## ##..#


You could see an ice statue, a large slime creature, 3 slime creatures, an ice
beast (summoned) and a demonic crawler simulacrum.

Vanquished Creatures
  Gastronok (D:10)
  3 hydras (D:11)
  2 two-headed ogres
  Amaemon (D:10)
  A manticore (D:8)
  An ice statue (IceCv)
  An orange demon (D:10)
  A kobold demonologist (D:10)
  A komodo dragon (D:11)
  2 entropy weaver simulacra (IceCv)
  Grinder (D:4)
  4 trolls
  A hornet (D:8)
  4 slime creatures (IceCv)
  14 yaks
  A wraith (D:11)
  2 wyverns
  Menkaure (D:6)
  A basilisk (D:11)
  4 vampire mosquitoes (D:10)
  A steam dragon (D:8)
  2 acid dragons (D:10)
  2 demonic crawler simulacra (IceCv)
  Duvessa (D:7)
  2 water moccasins
  2 orc warriors
  3 ice beasts
  2 sky beasts (D:7)
  An ugly thing simulacrum (IceCv)
  2 ogres
  A phantom (D:5)
  2 centaurs
  4 kobold brigands
  9 bullfrogs
  3 gnoll sergeants
  2 necrophages
  4 scorpions
  3 glowing shapeshifter simulacra (IceCv)
  11 wights
  Dowan (D:7)
  7 killer bees
  5 howler monkeys
  A lava snake (D:8)
  2 jellies
  7 orc priests
  Crazy Yiuf (D:7)
  2 gnoll shamans
  2 hounds
  2 iguanas
  Ijyb (D:3)
  10 orc wizards
  Natasha (thrice) (D:2)
  13 gnolls
  17 adders
  5 river rats (Sewer)
  A shadow imp (D:7)
  13 white imps
  28 orcs
  3 bats
  10 endoplasms
  5 giant cockroaches
  6 goblins
  4 hobgoblins
  14 jackals
  9 ball pythons
  7 frilled lizards
  11 kobolds
  12 rats
306 creatures vanquished.

Vanquished Creatures (others)
  An entropy weaver simulacrum (IceCv)
  A glowing shapeshifter simulacrum (IceCv)
  8 plants (Sewer)
10 creatures vanquished.

Grand Total: 316 creatures vanquished

Notes
Turn   | Place    | Note
-------+----------+-------------------------------------------
     0 | D:1      | sammy202020 the Minotaur Berserker began the quest for the
                  | Orb.
     0 | D:1      | Reached XP level 1. HP: 19/19 MP: 0/0
   499 | D:1      | Reached XP level 2. HP: 27/27 MP: 1/1
  1178 | D:1      | Found a faded altar of an unknown god.
  1758 | D:2      | Noticed Natasha
  1762 | D:2      | Noticed a crimson imp
  1767 | D:2      | Killed Natasha
  1768 | D:2      | Reached XP level 3. HP: 16/33 MP: 2/2
  1964 | D:2      | Noticed Natasha
  1970 | D:2      | Killed Natasha
  1971 | D:2      | Reached XP level 4. HP: 24/41 MP: 3/3
  1992 | D:2      | Noticed Natasha
  1999 | D:2      | Killed Natasha
  2419 | D:2      | Reached XP level 5. HP: 28/47 MP: 4/4
  2665 | D:2      | Found a hide-covered altar of Uskayaw.
  2669 | D:2      | Noticed an ogre
  2673 | D:2      | Killed an ogre
  2674 | D:2      | Reached skill level 5 in Fighting
  2674 | D:2      | Reached skill level 5 in Axes
  2859 | D:2      | Reached ** piety under Trog
  3115 | D:3      | Noticed Ijyb
  3128 | D:3      | Killed Ijyb
  3129 | D:3      | Reached XP level 6. HP: 49/56 MP: 5/5
  3700 | D:4      | Found a staircase to the Ecumenical Temple.
  3816 | D:4      | Found a sacrificial altar of Ru.
  3881 | D:4      | Found a glowing drain.
  3919 | Sewer    | Entered a sewer
  3928 | Sewer    | Reached *** piety under Trog
  3966 | Sewer    | Reached skill level 5 in Armour
  4030 | Sewer    | Reached XP level 7. HP: 63/63 MP: 6/6
  4677 | D:4      | Noticed Grinder
  4689 | D:4      | Killed Grinder
  5662 | D:5      | Entered Level 5 of the Dungeon
  5689 | D:5      | Reached XP level 8. HP: 14/73 MP: 7/7
  6421 | D:5      | Reached **** piety under Trog
  6607 | D:5      | Reached skill level 5 in Dodging
  7225 | D:6      | Noticed Menkaure
  7233 | D:6      | Killed Menkaure
  7358 | D:6      | Reached XP level 9. HP: 44/82 MP: 8/8
  8463 | D:7      | Found a runed translucent door.
  8464 | D:7      | Noticed Crazy Yiuf
  9072 | D:7      | Reached skill level 1 in Shields
  9178 | D:7      | Noticed Duvessa
  9178 | D:7      | Noticed Dowan
  9191 | D:7      | Killed Duvessa
  9193 | D:7      | Killed Dowan
  9462 | D:7      | Killed Crazy Yiuf
  9809 | D:8      | Noticed a manticore
  9826 | D:8      | Killed a manticore
  9827 | D:8      | Reached XP level 10. HP: 26/93 MP: 9/9
  9847 | D:8      | Reached skill level 10 in Fighting
  9850 | D:8      | Reached skill level 10 in Axes
 10307 | D:9      | Reached skill level 10 in Armour
 10330 | D:9      | Reached skill level 5 in Shields
 10704 | D:9      | Found Zin's Purification Station.
 10708 | D:9      | Found a glowing silver altar of Zin.
 10918 | D:10     | Entered Level 10 of the Dungeon
 10930 | D:10     | Noticed a two-headed ogre
 10939 | D:10     | Killed a two-headed ogre
 10940 | D:10     | Reached XP level 11. HP: 102/102 MP: 10/10
 10945 | D:10     | Noticed Gastronok
 10962 | D:10     | Killed Gastronok
 11339 | D:10     | Noticed Amaemon
 11357 | D:10     | Killed Amaemon
 11378 | D:10     | Identified the ring of Ocoqe {rC+ Will+ Str+7 Dex-2 Stlth+}
 11575 | D:10     | Identified the +0 chain mail of the Griffon {rC+ rCorr
                  | Int-4 Dex+6}
 11924 | D:11     | Reached ***** piety under Trog
 12034 | D:11     | Found a staircase to the Orcish Mines.
 12063 | D:11     | Noticed a seven-headed hydra
 12080 | D:11     | Killed a seven-headed hydra
 12161 | D:11     | Noticed a seven-headed hydra
 12170 | D:11     | Killed a seven-headed hydra
 12219 | D:11     | Found a staircase to the Lair.
 12243 | D:11     | Noticed a five-headed hydra
 12258 | D:11     | Killed a five-headed hydra
 12557 | D:11     | Found Athy's Armour Shoppe.
 12650 | D:12     | Found a glowing golden altar of the Shining One.
 12673 | D:12     | Noticed a two-headed ogre
 12679 | D:12     | Killed a two-headed ogre
 12680 | D:12     | Reached XP level 12. HP: 65/113 MP: 11/11
 12756 | D:12     | Identified the ring of Xom's Full Attention {Wiz rC+}
 12769 | D:12     | Found a frozen archway.
 12789 | IceCv    | Entered an ice cave
 12869 | IceCv    | Got the +0 hand axe of Pelolu {freeze, Int+6 Dex-3 SInv}
 12978 | IceCv    | Slain by a demonic crawler simulacrum

Illustrated notes

Levels and vault maps discovered:
D:1:      minmay_arrival_four_houses, layout_basic,
          dreamdust_ecumenical_altar_statues, grunt_decor_mini_mirrors
D:2:      minmay_angry_zag, layout_basic, basic_altar, uniq_natasha
D:3:      cheibrodos_helix_gallery, layout_rooms, serial_glass, glass_columns_c,
          glass_columns_a, uniq_ijyb
D:4:      layout_basic, hangedman_ru_absence, minmay_temple_entry_wispy,
          gup_sewer_entry_glass, uniq_grinder
D:5:      layout_cave_pools, water_maze_lemuel
D:6:      layout_loops_ring, uniq_menkaure
D:7:      layout_loops_ring, kennysheep_dice, uniq_duvessa,
          uniq_crazy_yiuf_cottage
D:8:      hangedman_cross_stitches, layout_loops_cross,
          dreamdust_princess_bridge, kennysheep_generic_room_16
D:9:      layout_big_octagon, zin_purify, amcnicky_mini_rare_corridor_liquid,
          dreamdust_wishing_well
D:10:     layout_basic, dreamdust_princess_corridor, uniq_gastronok,
          uniq_amaemon
D:11:     layout_roguey, lair_entry_dummy, orc_0_dummy, serial_shops,
          nicolae_stop_n_shop_1
D:12:     layout_basic, portal_ice_cave_entry_imps, tso_metal_star
IceCv:    ice_cave_hellmonk_azure_passage

Skill      XL: |  1  2  3  4  5  6  7  8  9 10 11 |
---------------+----------------------------------+-----
Fighting       | 4 5 6 7 8 9 11 12 | 12.6
Axes           | 4 5 6 8 9 11 12 | 12.6
Armour         | 3 4 5 6 7 9 10 12 | 12.2
Dodging        | 3 4 5 6 7 8 |  8.2
Shields        | 2 6 8 |  8.6
Evocations     | |  0.1

Action                   |  1- 3 |  4- 6 |  7- 9 | 10-12 || total
-------------------------+-------+-------+-------+-------++-------
Melee: Hand axe          |    50 |   152 |   190 |       ||   392
       Headbutt          |     6 |    15 |    66 |    83 ||   170
       Club              |       |       |    28 |       ||    28
       War axe           |       |       |   108 |   341 ||   449
       Punch             |       |       |     1 |       ||     1
       Demon whip        |       |       |       |    34 ||    34
Throw: Boomerang         |       |       |       |     4 ||     4
Invok: Berserk           |       |     2 |     3 |     9 ||    14
       Trog's Hand       |       |       |     6 |     7 ||    13
  Use: Scroll            |       |     3 |     9 |    14 ||    26
       Potion            |       |       |       |     1 ||     1
Armor: Animal skin       |     7 |     8 |       |       ||    15
       Plate armour      |       |    82 |   255 |   116 ||   453
       Scale mail        |       |       |       |    94 ||    94
       Chain mail        |       |       |       |    27 ||    27
Dodge: Dodged            |    33 |    91 |   156 |   199 ||   479
Block: Buckler           |       |       |     8 |    67 ||    75
       Kite shield       |       |       |       |    78 ||    78

Table legend: (Time is in decaauts)
 A = Elapsed time spent in this place.
 B = Non-inter-level travel time spent in this place.
 C = Inter-level travel time spent in this place.
 D = Time resting spent in this place.
 E = Time spent auto-exploring this place.
 F = Levels seen in this place.
 G = Mean time per level.
                   A        B        C        D        E       F      G
               +--------+--------+--------+--------+--------+-----+--------+
         Total |  13263 |  12964 |    299 |   1492 |   8969 |  14 |  947.4 |
       Dungeon |  12186 |  11887 |    299 |   1492 |   8266 |  12 | 1015.5 |
         Sewer |    882 |    882 |      0 |      0 |    645 |   1 |  882.0 |
      Ice Cave |    194 |    194 |      0 |      0 |     58 |   1 |  194.0 |
               +--------+--------+--------+--------+--------+-----+--------+

Top non-repeatable levels by time:
     D:1: 1713 daAuts
     D:4: 1677 daAuts
     D:2: 1430 daAuts
     D:7: 1412 daAuts
     D:6: 1098 daAuts
     D:5: 1032 daAuts
    D:10: 986 daAuts
   Sewer: 882 daAuts
    D:11: 744 daAuts
     D:8: 726 daAuts
     D:9: 617 daAuts
     D:3: 539 daAuts
    D:12: 206 daAuts
   IceCv: 194 daAuts
